Yev-Ruu, chaotic female vampiric Convict ----- ------ ##-..%-########|....| # |...| #.....| ### -|-|- |....| ----------- # ##^ |....| |.........| ##0 # |....| |.........| # # |....| |.........-) ----- ### ------|- ----.- |.........|# |.{.| # #|......| ## |.........|[ |....######|......| # |.........|# |...|# |[.....| ## --|--------# |...-# |_.....| ----.-- # ### ----- |......| |..^.{| ### # -------- |.....| # ### |.....-######## ####_@ # -------- |..>..|## ---.---#---|- ##-..///.| -------####|..........)| |.//%%/| ### #.....`......| |../[/.| ------------- -------- Yev-Ruu the Prisoner Experience level: 11 Strength: 14 Dexterity: 11 Constitution: 20 Intelligence: 14 Wisdom: 14 Charisma: 7 Health: 106(106) Energy: 54(54) AC: -4 Gold: 5238 Moves: 7286 Your Inventory: Coins $ - 5238 gold pieces Armor p - a blessed +1 T-shirt (being worn) G - an uncursed +0 pair of speed boots (being worn) H - a blessed +0 dwarvish mithril-coat (being worn) I - an uncursed +0 pair of leather gloves (being worn) M - a blessed +1 leather hat [elven leather helm] (being worn) P - an [uncursed] +0 blue and green shield [elven] (being worn) Y - an [uncursed] +0 elven cloak (being worn) Comestibles D - a cursed Hyper Futa Mare Dick named Praise the Sun Scrolls o - 3 uncursed scrolls of teleportation q - a cursed scroll labeled TEMOV [of light] v - an uncursed scroll labeled GNIK SISI VLE [of remove curse] O - an uncursed scroll labeled READ ME [of enchant weapon] Wands t - an uncursed wand of lightning [0:6] W - an uncursed wand of lightning [0:7] Tools a - an uncursed +0 unicorn horn of searching d - an uncursed brass lantern (lit) x - an uncursed towel z - an uncursed looking glass [mirror] K - an uncursed lock pick N - an uncursed magic harp [0:5] Iron balls c - an uncursed heavy iron ball (chained to you) (weapon in hand) Spells known in the end: Name Level Category Fail Memory a - sleep 1 enchantment 100% [||||||..] Your skills at the end: Fighting Skills Weapon Skills flail [Skilled / Expert] sling [Basic / Skilled] Spellcasting Skills Final Attributes: You were piously aligned. Hunger level was 29. Your alignment was 46 / 46. Monster difficulty range was 2 - 12. Level difficulty was 14. You were immune to poison. You were immune to level-drain. You were immune to sickness. You were punished. You were stealthy. You could fly. You could survive without air. You regenerated. You were very fast. You were unlucky (-3). Tymora was angry with you (1). You survived. Vanquished creatures: 14 black puddings an Elvenking a large mimic a long worm a stalker 2 giant mummies a xorn 7 wargs 5 small mimics a rodent of unusual size a warhorse 2 xans a gelatinous cube a pyrolisk a freezing sphere a flaming sphere 2 shocking spheres a tiger 5 tengu a leocrotta a human mummy a cobra 2 ettin zombies 3 Grey-elves a chameleon a crocodile 2 giant beetles 2 quivering blobs a cockatrice 2 winter wolf cubs a gremlin 4 leprechauns a giant spider 2 black lights a vampire bat a dwarf mummy a yeti 2 gold golems a werewolf 2 Green-elves a dog a dingo a housecat 2 jaguars a white unicorn a dust vortex a raven a snake 4 apes 3 Woodland-elves 3 snow ants 4 wood nymphs 2 water nymphs 2 mountain nymphs 3 ponies a yellow light a shrieker a violet fungus 2 gnome lords a gnomish wizard a gray ooze 2 elf zombies 3 paper golems a wax golem 4 giant ants 5 floating eyes 5 dwarves 4 hill orcs 4 rothes a rabid rat 2 giant bats a monkey 2 orc zombies a werejackal 4 iguanas 2 killer bees an acid blob a gas spore 2 hobbits a large kobold 2 hobgoblins a giant rat a cave spider 2 brown molds a green mold 23 gnomes 11 Keystone Kops 3 garter snakes a gnome zombie 2 geckos 4 jackals 3 goblins 3 sewer rats 2 grid bugs 3 bats 3 lichens a kobold zombie 5 newts 236 creatures vanquished. Voluntary challenges: You went without food. You never hit with a wielded weapon. You read items or engraved 4 times. You put on armor 39 times. You never genocided any monsters. You never polymorphed an object. You never changed form. You used no wishes. You abstained from Elbereth's help. You never encountered a bones level. You never used any Sokoban shortcuts. Dungeon overview: The Dungeons of Doom: levels 1 to 15 Level 1 a long staircase Level 2 some fountains, a sink Level 3 (Bon Voyage) a music store, some fountains Level 4 (vault) a fountain stairs to The Gnomish Mines Level 5 (Ninfa) an armor shop Level 6 (Vault) some fountains Level 7 a sink Level 8 (Vault) some fountains Level 9 many fountains Level 10 a fountain stairs to Sokoban Level 11 a fountain Level 12 (Vault e NINFE) some fountains, many trees stairs to Town Level 13 a fountain Level 14 (Vault) <- You were here a wand shop, an altar, some fountains The Gnomish Mines: levels 5 to 6 Level 5 stairs to The Dungeons of Doom Sokoban: Level 9 a magic chest stairs to The Dungeons of Doom Town: Level 11 stairs to The Dungeons of Doom History has recorded: On T:1 you entered the Dungeons of Doom to retrieve the Amulet of Yendor! On T:346 you reached level 2 of The Dungeons of Doom. On T:350 you advanced to experience level 2. On T:687 you advanced to experience level 3. On T:896 you advanced to experience level 4. On T:912 you advanced to experience level 5. On T:918 you advanced to experience level 6. On T:932 you advanced to experience level 7. On T:946 you advanced to experience level 8. On T:1062 you reached level 3 of The Dungeons of Doom. On T:1520 you reached level 4 of The Dungeons of Doom. On T:1599 you reached level 1 of The Gnomish Mines. On T:1605 you advanced to experience level 9. On T:3027 you reached level 2 of The Gnomish Mines. On T:3239 you reached level 5 of The Dungeons of Doom. On T:4102 you reached level 6 of The Dungeons of Doom. On T:4293 you reached level 7 of The Dungeons of Doom. On T:4621 you reached level 8 of The Dungeons of Doom. On T:4885 you reached level 9 of The Dungeons of Doom. On T:4902 you reached level 10 of The Dungeons of Doom. On T:4979 you reached level 3 of Sokoban. On T:5165 you advanced to experience level 10. On T:5748 you reached level 11 of The Dungeons of Doom. On T:5942 you reached level 12 of The Dungeons of Doom. On T:6118 you reached level 13 of The Dungeons of Doom. On T:6334 you reached level 14 of The Dungeons of Doom. On T:6710 you reached level 15 of The Dungeons of Doom. On T:7072 you reached level 3 of Town. On T:7079 you advanced to experience level 11. Latest messages: The Woodland-elf thrusts her runed short sword. The Woodland-elf hits! [HP-5=101] You kill the Woodland-elf! [HP+1=102] [HP+2=104] You hit the dingo! You bite the dingo. [HP+1=105] You kill the dingo! [HP+1=106] You hit the cockatrice! You hit the cockatrice. The cockatrice misses. (2x) You kill the cockatrice! You begin praying to Tymora. You finish your prayer. You feel that Tymora is displeased. [3 turns] You are already wielding that! Final status: Goodbye Yev-Ruu the Convict... You quit in The Dungeons of Doom on dungeon level 14 with 32660 points, and 5238 pieces of gold, after 7286 moves. You were level 11 with a maximum of 106 hit points when you quit.